 Dungeon Crawl Stone Soup version 0.20.0-10-g0535bb4 (webtiles) character file.

710 asdasd2 the Cleaver (level 7, 0/61 HPs)
             Began as a Minotaur Fighter on June 5, 2017.
             Was an Initiate of Okawaru.
             Slain by Menkaure (15 damage)
             ... on level 5 of the Dungeon.
             The game lasted 00:06:19 (3615 turns).

asdasd2 the Cleaver (Minotaur Fighter)              Turns: 3615, Time: 00:06:21

Health: 0/61       AC: 15    Str: 22    XL:     7   Next: 40%
Magic:  6/6        EV:  7    Int:  5    God:    Okawaru [......]
Gold:   159        SH:  0    Dex: 10    Spells: 6/6 levels left

rFire    . . .     SeeInvis .   a - +0 war axe
rCold    . . .     Gourm    .   (no shield)
rNeg     . . .     Faith    .   x - +1 plate armour
rPois    .         Spirit   .   (helmet restricted)
rElec    .         Reflect  .   (no cloak)
rCorr    .         Harm     .   y - +1 pair of gloves
MR       .....                  (no boots)
Stlth    ..........             (no amulet)
Regen    0.2/turn               (no ring)
MPRegen  0.1/turn               (no ring)

@: no status effects
A: retaliatory headbutt, horns 2
a: Renounce Religion


You were on level 5 of the Dungeon.
You worshipped Okawaru.
Okawaru was noncommittal.
You were hungry.

You visited 2 branches of the dungeon, and saw 6 of its levels.
You also visited: Ossuary.

You collected 159 gold pieces.

Inventory:

Hand Weapons
 a - a +0 war axe (weapon)
Armour
 x - a +1 plate armour (worn)
 y - a +1 pair of gloves (worn)
Wands
 m - a wand of iceblast (12/15)
 s - a wand of paralysis (9/24)
Scrolls
 b - a scroll of fear
 e - a scroll of recharging
 h - 3 scrolls of teleportation
 i - 3 scrolls of remove curse
Potions
 c - 2 potions of mutation {unknown}
 d - a potion of might
 j - 4 potions of haste {unknown}
 k - 2 potions of flight {unknown}
 n - 2 potions of resistance {unknown}
 o - a potion of ambrosia {unknown}
 q - 3 potions of curing
 r - 4 potions of cancellation {unknown}
 t - a potion of invisibility {unknown}
 u - a potion of magic
 w - 2 potions of heal wounds
Comestibles
 f - 4 bread rations
 g - 3 royal jellies


   Skills:
 + Level 5.0 Fighting
 * Level 8.3 Axes
 * Level 5.6 Armour
 + Level 0.9 Dodging
   Level 3.6 Shields


You had 6 spell levels left.
You didn't know any spells.

Dungeon Overview and Level Annotations

Branches:
Dungeon (5/15)             Temple (1/1) D:4

Altars:
Ashenzari
Fedhas
Hepliaklqana
Kikubaaqudgha
Makhleb
Okawaru
Qazlal
Ru
Sif Muna
Uskayaw
Vehumet
Zin
The Shining One

Annotations:
D:5 Menkaure


Innate Abilities, Weirdness & Mutations

You reflexively headbutt those who attack you in melee.
You have a pair of horns on your head.


Message History

Menkaure is moderately damaged.
Menkaure hits you!
* * * LOW HITPOINT WARNING * * *
Menkaure hits you.
* * * LOW HITPOINT WARNING * * *
You feel much better. Menkaure barely misses you.
You slash Menkaure!
Menkaure is almost destroyed.
Menkaure hits you but does no damage.
Your plate armour prevents you from hitting Menkaure.
Menkaure is almost destroyed.
Menkaure gestures at you while chanting.
Pain shoots through your body!
You closely miss Menkaure.
Menkaure is almost destroyed.
Menkaure casts a spell at you. Pain shoots through your body!
* * * LOW HITPOINT WARNING * * *
Menkaure hits you!
You die...

....###...#.##
.......<...>.####.
..................
...#.........####
.. ####...#...#
#...#...#
#...#††.#
#####M.$# #@†.#
#...#
.......W.......
.......<.......
................
.######...#####.
#$..# ....( #...#.


You could see a phantom and Menkaure.

Vanquished Creatures
  An ice beast (D:5)
  A necrophage (D:4)
  A water moccasin zombie (Ossuary)
  2 scorpions
  A bullfrog skeleton (D:4)
  An iguana (D:4)
  A worker ant (D:4)
  2 big kobold zombies (Ossuary)
  2 mummies (Ossuary)
  5 adders (D:2)
  4 gnolls (D:4)
  An ooze (D:2)
  3 worms
  6 adder zombies (Ossuary)
  3 dart slugs
  5 leopard geckos
  10 bats
  8 giant cockroaches
  7 goblins
  3 hobgoblins
  15 jackals
  3 quokkas
  A ball python (D:2)
  15 frilled lizards
  2 gnoll zombies (Ossuary)
  2 goblin zombies (D:4)
  4 hobgoblin zombies (Ossuary)
  11 kobolds
  2 kobold zombies (Ossuary)
  5 orc zombies (Ossuary)
  2 quokka skeletons
  6 rats
135 creatures vanquished.

Notes
Turn   | Place    | Note
-------+----------+-------------------------------------------
     0 | D:1      | asdasd2 the Minotaur Fighter began the quest for the Orb.
     0 | D:1      | Reached XP level 1. HP: 19/19 MP: 0/0
    42 | D:1      | Reached XP level 2. HP: 21/27 MP: 1/1
   338 | D:1      | Reached skill level 3 in Axes
   770 | D:2      | Reached XP level 3. HP: 33/33 MP: 2/2
  1099 | D:2      | Reached XP level 4. HP: 21/40 MP: 3/3
  1292 | D:2      | Reached skill level 4 in Axes
  2016 | D:3      | Found a sacrificial altar of Ru.
  2242 | D:4      | Reached skill level 5 in Armour
  2242 | D:4      | Reached XP level 5. HP: 30/47 MP: 4/4
  2281 | D:4      | Found a sand-covered staircase.
  2288 | Ossuary  | Entered an ossuary
  2462 | Ossuary  | Reached skill level 5 in Axes
  2523 | Ossuary  | Reached XP level 6. HP: 43/53 MP: 5/5
  2692 | Ossuary  | Reached skill level 6 in Axes
  3018 | D:4      | Found a staircase to the Ecumenical Temple.
  3157 | D:4      | Reached skill level 7 in Axes
  3221 | D:4      | Reached XP level 7. HP: 58/60 MP: 6/6
  3316 | Temple   | Entered the Ecumenical Temple
  3322 | Temple   | Became a worshipper of Warmaster Okawaru
  3427 | D:4      | Identified a scroll of acquirement
  3428 | D:4      | Got a twisted plate armour
  3439 | D:4      | Identified the +2 plate armour of the Wary Stories {*Slow rC+ rCorr} (You acquired it on level 4 of the Dungeon)
  3567 | D:5      | Entered Level 5 of the Dungeon
  3604 | D:5      | Noticed Menkaure
  3607 | D:5      | Reached skill level 5 in Fighting
  3607 | D:5      | Reached skill level 8 in Axes
  3611 | D:5      | HP: 3/61 [Menkaure (5)]
  3615 | D:5      | Slain by Menkaure

Skill      XL: |  1  2  3  4  5  6  7 |
---------------+----------------------+-----
Armour         | 4 5 |  5.6
Axes           | 3 4 5 7 8 |  8.3
Fighting       | 4 5 |  5.0
Dodging        | |  0.9
Shields        | |  3.6

Action                   |  1- 3 |  4- 6 |  7- 9 || total
-------------------------+-------+-------+-------++-------
Melee: War axe           |    94 |   171 |    50 ||   315
       Headbutt          |    12 |    35 |    10 ||    57
  Use: Scroll            |       |    11 |     2 ||    13
       Potion            |       |       |     1 ||     1
  Eat: Chunk             |       |     5 |     1 ||     6
       Fruit             |       |     3 |       ||     3
Armor: Scale mail        |    75 |    17 |       ||    92
       Plate armour      |       |    91 |    42 ||   133
Dodge: Dodged            |    67 |    54 |    25 ||   146
Block: Shield            |     5 |       |       ||     5
